 Dungeon Crawl Stone Soup version 0.30-a0-881-g1ff12e1e11 (webtiles) character file.

Game seed: 12218231808565267939

453 Mickster the Chopper (level 7, -2/61 HPs)
             Began as a Hill Orc Berserker on Mar 13, 2023.
             Was a Priest of Trog.
             Slain by an iguana (10 damage)
             ... on level 5 of the Dungeon on Mar 14, 2023.
             The game lasted 00:30:17 (2295 turns).

Mickster the Chopper (Hill Orc Berserker)           Turns: 2295, Time: 00:30:18

Health: -2/61      AC: 17    Str: 22    XL:     7   Next: 5%
Magic:  7/7        EV:  8    Int:  7    God:    Trog [***...]
Gold:   241        SH:  0    Dex: 10    Spells: 6/6 levels left

rFire   . . .      SeeInvis .    r - +2 mace (protect)
rCold   . . .      Faith    .    (no shield)
rNeg    . . .      Spirit   .    k - +0 chain mail
rPois   .          Reflect  .    (no helmet)
rElec   .          Rampage  .    c - +0 cloak
rCorr   .                        (no gloves)
Will    .....                    (no boots) Stlth
                                 h - amulet of regeneration
HPRegen 1.10/turn                (no ring)
MPRegen 0.10/turn                (no ring)

@: under a protective aura
A: no striking features
a: Renounce Religion, Berserk, Trog's Hand


You were on level 5 of the Dungeon.
You worshipped Trog.
Trog was most pleased with you.
You visited 1 branch of the dungeon, and saw 5 of its levels.
You also visited: Sewer.

You collected 241 gold pieces.

Inventory:

Hand Weapons
 o - a +0 falchion
 p - a +0 war axe
 r - a +2 mace of protection (weapon)
Missiles
 e - 31 stones
 g - 21 poisoned darts (quivered)
 i - 6 boomerangs
Armour
 c - a +0 cloak (worn)
 d - a +0 robe of fire resistance
 k - a +0 chain mail (worn)
Jewellery
 h - an amulet of regeneration (around neck)
Wands
 s - a wand of paralysis (6)
Scrolls
 f - 3 scrolls of identify
 n - 4 scrolls of teleportation
 q - a scroll of blinking
Potions
 j - 2 potions of curing
 m - 4 potions of flight
 t - a potion of haste {unknown}
 u - a potion of mutation {unknown}


   Skills:
 + Level 5.0 Fighting
 - Level 7.2(7.6) Axes
 * Level 2.7(4.7) Maces & Flails
 + Level 0.3 Throwing
 + Level 3.8 Armour
 + Level 2.1 Dodging


You had 6 spell levels left.
You didn't know any spells.
Your spell library contained the following spells:

 Spells                   Type           Power      Damage    Failure   Level
 Lesser Beckoning         Tloc           0%         N/A       99%         2
 Gell's Gravitas          Tloc           0%         N/A       100%        3
 Teleport Other           Tloc           0%         N/A       100%        3


Dungeon Overview and Level Annotations

Branches:
Dungeon (5/15)              Sewer (visited)
 Temple: D:4-7

Altars:
Ashenzari
Gozag
Nemelex Xobeh
Sif Muna

Shops:
D:1 (

Annotations:
D:2 Natasha


Message History

Blork the orc gestures at you while chanting.
The puff of flame hits you.
The iguana bites you but does no damage.
You hit Blork the orc.
You kill Blork the orc!
Trog accepts your kill.
Trog appreciates your killing of a magic user.
The iguana barely misses you.
Your Fighting skill increases to level 5!
You have reached level 7!
You hit the iguana but do no damage. The iguana bites you!
* * * LOW HITPOINT WARNING * * *
The iguana bites you but does no damage.
You closely miss the iguana.
The iguana bites you but does no damage.
You hit the iguana but do no damage. The iguana barely misses you.
You closely miss the iguana. The iguana bites you!
* * * LOW HITPOINT WARNING * * *
You barely miss the iguana.
The iguana bites you but does no damage.
You closely miss the iguana. The iguana closely misses you. x2
You closely miss the iguana. The iguana barely misses you.
You hit the iguana but do no damage.
Your weapon exudes an aura of protection.
The iguana bites you but does no damage.
You thump the iguana!
The iguana is heavily wounded.
The iguana bites you.
* * * LOW HITPOINT WARNING * * *
You hit the iguana.
The iguana is heavily wounded.
The iguana bites you!
* * * LOW HITPOINT WARNING * * *
You barely miss the iguana.
The iguana is heavily wounded.
The iguana bites you but does no damage.
You hit the iguana but do no damage.
The iguana is heavily wounded.
The iguana bites you!
You die...

..#..## ##......
.....[###...#.#..##
.......#.~...# #..#..
...........~.# #....
.........~...# #...
..........~~.# #.. #
#......#.....# #.# .##
#.....###..~.###)##...#
#.....# ##...#..@l.#
.......# ##........#
.......# #........#
.......).....#.[.......
..... ##...###.......#
..... ..##. #######.#
...#. ... #. <.# .##
.#. #. .. # ..


You could see an iguana.

Vanquished Creatures
  Blork the orc (D:5)
  The ghost of luigi the Ducker, an amateur FeCK of Xom (D:4)
  A scorpion (D:5)
  An orc priest (D:4)
  An iguana (D:5)
  Natasha (D:2)
  A sickly merfolk siren (Sewer)
  A malarious merfolk avatar (Sewer)
  3 adders
  3 river rats (Sewer)
  2 worms (D:3)
  2 dart slugs (D:1)
  2 orcs (D:4)
  7 endoplasms
  2 giant cockroaches
  4 goblins
  5 hobgoblins
  2 jackals (D:1)
  3 kobolds
  5 quokkas
  12 ball pythons
  4 bats
  5 frilled lizards (Sewer)
  22 rats
91 creatures vanquished.

Notes
Turn   | Place    | Note
-------+----------+-------------------------------------------
     0 | D:1      | Mickster the Hill Orc Berserker began the quest for the
                  | Orb.
     0 | D:1      | Reached XP level 1. HP: 19/19 MP: 1/1
   123 | D:1      | Found Motoit's Weapon Emporium.
   331 | D:1      | Reached XP level 2. HP: 27/27 MP: 2/2
   830 | D:2      | Reached XP level 3. HP: 33/33 MP: 3/3
   894 | D:2      | Reached skill level 5 in Axes
   898 | D:2      | Noticed Natasha
   912 | D:2      | Killed Natasha
   954 | D:2      | Noticed Natasha
   954 | D:2      | You fall into a shaft and drop 1 floor!
   985 | D:3      | Reached XP level 4. HP: 26/40 MP: 4/4
  1105 | D:3      | Reached ** piety under Trog
  1258 | D:3      | Found a glowing drain.
  1309 | Sewer    | Entered a sewer
  1432 | Sewer    | Reached skill level 6 in Axes
  1513 | Sewer    | Reached XP level 5. HP: 47/47 MP: 5/5
  1536 | Sewer    | Reached *** piety under Trog
  1753 | D:4      | Found an opulent altar of Gozag.
  1811 | D:4      | Upgraded the game from 0.30-a0-879-ga8ba668304 to
                  | 0.30-a0-881-g1ff12e1e11
  1921 | D:4      | Found a sparkling altar of Nemelex Xobeh.
  1922 | D:4      | Found a shimmering blue altar of Sif Muna.
  2031 | D:4      | Reached skill level 7 in Axes
  2031 | D:4      | Reached XP level 6. HP: 52/53 MP: 6/6
  2087 | D:4      | Found a broken altar of Ashenzari.
  2156 | D:4      | Found a runed translucent door.
  2159 | D:4      | Noticed luigi's ghost (amateur FeCK)
  2171 | D:4      | Killed luigi's ghost
  2172 | D:4      | Reached skill level 1 in Maces & Flails
  2220 | D:5      | Entered Level 5 of the Dungeon
  2273 | D:5      | Noticed Blork the orc
  2283 | D:5      | Killed Blork the orc
  2284 | D:5      | Reached skill level 5 in Fighting
  2284 | D:5      | Reached XP level 7. HP: 24/61 MP: 7/7
  2295 | D:5      | Slain by an iguana

Illustrated notes

Levels and vault maps discovered:
D:1:      tarquinn_simple_flora_water_c, layout_loops_ring, serial_shops,
          nicolae_shop_competitors_out_of_business, minmay_unequal
D:2:      layout_rooms, uniq_sigmund, uniq_natasha, uniq_crazy_yiuf_cottage
D:3:      layout_rooms, cheibrodos_sewer_entry_bend
D:4:      layout_rooms, nicolae_overflow_crystal_walls,
          nicolae_gozag_seed_capital,
          chequers_temple_overflow_statue_of_worship,
          ebering_ghost_reflecting_pool
D:5:      layout_cave_pools, serial_rivers, chequers_serial_rivers_micro_c,
          chequers_serial_rivers_micro_e, chequers_serial_rivers_marsh,
          chequers_serial_rivers_small_a, chequers_serial_rivers_micro_b,
          chequers_serial_rivers_small_a, reono_crystal_passage,
          uniq_blork_the_orc

Skill      XL: |  1  2  3  4  5  6 |
---------------+-------------------+-----
Fighting       | 4 5 |  5.0
Axes           | 5 6 7 |  7.2
Dodging        | 2 |  2.1
Armour         | 3 |  3.8
Maces & Flails | 2 |  2.7
Throwing       | |  0.3

Action                     |  1- 3 |  4- 6 |  7- 9 || total
---------------------------+-------+-------+-------++-------
  Melee: Hand axe          |    93 |   158 |       ||   251
         Punch             |     2 |     2 |       ||     4
         Mace              |       |    37 |    12 ||    49
  Throw: Dart              |       |     2 |       ||     2
    Use: Scroll            |     3 |     2 |       ||     5
         Potion            |     1 |     1 |       ||     2
 Armour: Animal skin       |     5 |       |       ||     5
         Robe              |    17 |       |       ||    17
         Chain mail        |       |   107 |     5 ||   112
  Dodge: Dodged            |    52 |    72 |     4 ||   128

Table legend: (Time is in decaauts)
 A = Elapsed time spent in this place.
 B = Non-inter-level travel time spent in this place.
 C = Inter-level travel time spent in this place.
 D = Time resting spent in this place.
 E = Time spent auto-exploring this place.
 F = Levels seen in this place.
 G = Mean time per level.
                   A        B        C        D        E       F      G
               +--------+--------+--------+--------+--------+-----+--------+
         Total |   2377 |   2326 |     51 |    260 |      0 |   6 |  396.2 |
       Dungeon |   1977 |   1926 |     51 |    260 |      0 |   5 |  395.4 |
         Sewer |    399 |    399 |      0 |      0 |      0 |   1 |  399.0 |
               +--------+--------+--------+--------+--------+-----+--------+

Top non-repeatable levels by time:
     D:1: 817 daAuts
     D:4: 525 daAuts
     D:3: 411 daAuts
   Sewer: 399 daAuts
     D:2: 142 daAuts
     D:5: 80 daAuts
